 Dungeon Crawl Stone Soup version 0.30-a0-292-g0f741e3f8e (webtiles) character file.

Game seed: 7674042484953392568

54 byup the Magician (level 3, 0/19 HPs)
             Began as a Deep Elf Air Elementalist on Oct 17, 2022.
             Succumbed to an adder's poison
             ... on level 2 of the Dungeon.
             The game lasted 00:14:47 (1513 turns).

byup the Magician (Deep Elf Air Elementalist)       Turns: 1513, Time: 00:14:48

Health: 0/19       AC:  3    Str:  5    XL:     3   Next: 66%
Magic:  8/10       EV: 13    Int: 21    God:
Gold:   67         SH:  0    Dex: 15    Spells: 8/9 levels left

rFire   + . .      SeeInvis .    j - +0 whip
rCold   x . .      Faith    .    (no shield)
rNeg    . . .      Spirit   .    a - +0 robe
rPois   .          Reflect  .    e - +0 helmet
rElec   .          Harm     .    (no cloak)
rCorr   .          Rampage  .    (no gloves)
Will    .....                    (no boots)
Stlth   ++........               (no amulet)
HPRegen 0.23/turn                l - ring of fire
MPRegen 0.12/turn                (no ring)

@: lethally poisoned (0 -> -5), attractive, flying
A: no striking features
a: no special abilities


You were on level 2 of the Dungeon.
You visited 1 branch of the dungeon, and saw 2 of its levels.

You collected 67 gold pieces.

Inventory:

Hand Weapons
 j - a +0 whip (weapon)
Missiles
 g - 29 stones (quivered)
 h - 6 javelins
 p - 4 poisoned darts
Armour
 a - a +0 robe (worn)
 e - a +0 helmet (worn)
Jewellery
 l - a ring of fire (left hand)
Scrolls
 c - a scroll of magic mapping {unknown}
 f - a scroll of enchant armour {unknown}
 m - a scroll of vulnerability {unknown}
 n - a scroll of immolation {unknown}
 o - a scroll of identify {unknown}
Potions
 b - 2 potions of magic
 d - 2 potions of attraction


   Skills:
 + Level 0.4 Throwing
 + Level 2.8 Dodging
 + Level 2.7 Stealth
 + Level 3.9 Spellcasting
 + Level 1.4 Conjurations
 + Level 3.7 Air Magic


You had 8 spell levels left.
You knew the following spells:

 Your Spells              Type           Power      Damage    Failure   Level
a - Shock                 Conj/Air       60%        1d6       4%          1

Your spell library contained the following spells:

 Spells                   Type           Power      Damage    Failure   Level
 Static Discharge         Conj/Air       30%        2-4/arc   6%          2
 Swiftness                Air            19%        N/A       8%          3
 Airstrike                Air            9%         2d(2-18)  26%         4
 Call Canine Familiar     Summ           4%         N/A       36%         3
 Portal Projectile        Hex/Tloc       8%         N/A       36%         3
 Leda's Liquefaction      Hex/Erth       2%         N/A       77%         4


Dungeon Overview and Level Annotations

Branches:
Dungeon (2/15)

Altars:


Message History

Casting: Shock (safe; 4% risk of failure)
Confirm with . or Enter, or press ? or * to list all spells.
Aiming: Shock (safe; 4% risk of failure)
Press: ? - help, Shift-Dir - straight line, f - adder
Aim: an adder (53% to hit)
The zap misses the adder.
You feel sick. The adder barely misses you. The adder closely misses you.
The adder attacks as you move away! The adder barely misses you.
You feel sick.
Casting: Shock (safe; 4% risk of failure)
Confirm with . or Enter, or press ? or * to list all spells.
Aiming: Shock (safe; 4% risk of failure)
Press: ? - help, Shift-Dir - straight line, f/p - adder
Aim: an adder (53% to hit)
The zap hits the adder.
The adder is heavily wounded.
You feel sick. The adder bites you.
* * * LOW HITPOINT WARNING * * *
You are lethally poisoned!
The adder poisons you!
It was a potion of attraction.
You feel attractive to monsters.
* * * LOW HITPOINT WARNING * * *
You feel sick. The adder closely misses you.
It was a potion of flight.
You feel very buoyant.
You fly up into the air.
* * * LOW HITPOINT WARNING * * *
You feel sick. The adder bites you.
* * * LOW HITPOINT WARNING * * *
The adder barely misses you.
Blink to where?
Press: ? - help, Dir - move target, p - adder Blink to where?
Press: ? - help, Dir - move target, p - adder Blink to where?
Press: ? - help, Dir - move target, p - adder A ball python comes into view.
As you read the scroll labelled VUUPLAL MAEGOGH, it crumbles to dust.
It was a scroll of blinking.
You die...

......).# #..........#
####..#.# #.########.# #.
#.# #.# #.# # #.# ##.##
#.# #S######...#######.#
# #§.......#..†......##
S..#..#####...######..#.
.............## #....
........@..#### ##....
##.###..##.#########...^.
#. #..##............... #
#..# #######.##..... #..#
#.###.... #.. #.# ##)..
... #.# ###) #.# #.# #.
#.# ##


You could see an adder and a ball python (asleep).

Vanquished Creatures
  Robin (D:2)
  2 ball pythons (D:1)
  4 bats
  An endoplasm (D:1)
  5 giant cockroaches
  8 goblins
  6 hobgoblins
  3 kobolds (D:1)
  2 quokkas
  2 frilled lizards
  3 rats (D:1)
37 creatures vanquished.

Notes
Turn   | Place    | Note
-------+----------+-------------------------------------------
     0 | D:1      | byup the Deep Elf Air Elementalist began the quest for the
                  | Orb.
     0 | D:1      | Reached XP level 1. HP: 10/10 MP: 6/6
   246 | D:1      | Reached XP level 2. HP: 14/15 MP: 0/8
  1181 | D:2      | Noticed Robin
  1184 | D:2      | Reached XP level 3. HP: 13/19 MP: 0/10
  1280 | D:2      | Killed Robin
  1513 | D:2      | Succumbed to an adder's poison

Illustrated notes

Levels and vault maps discovered:
D:1:      psy_arrival_statuary, layout_loops_cross, chequers_arboretum
D:2:      layout_loops_ring, amcnicky_mini_corridor_feature, uniq_robin

Action                   || total
-------------------------++-------
Melee: Whip              ||     1
Throw: Dart              ||     8
       Stone             ||     4
 Cast: Shock             ||    69
  Use: Potion            ||     2
       Scroll            ||     1
Armor: Robe              ||     6
Dodge: Dodged            ||    56

Table legend: (Time is in decaauts)
 A = Elapsed time spent in this place.
 B = Non-inter-level travel time spent in this place.
 C = Inter-level travel time spent in this place.
 D = Time resting spent in this place.
 E = Time spent auto-exploring this place.
 F = Levels seen in this place.
 G = Mean time per level.
                   A        B        C        D        E       F      G
               +--------+--------+--------+--------+--------+-----+--------+
         Total |   1512 |   1512 |      0 |      0 |    437 |   2 |  756.0 |
       Dungeon |   1512 |   1512 |      0 |      0 |    437 |   2 |  756.0 |
               +--------+--------+--------+--------+--------+-----+--------+

Top non-repeatable levels by time:
     D:1: 961 daAuts
     D:2: 551 daAuts
